Map: Deathaura LE

Players

soul - Winner!

  • Race: Terran Terran
  • League: Grandmaster
  • Spawn Location: 5:00

Rail

  • Race: Protoss Protoss
  • League: Master
  • Spawn Location: 11:00

Event: DreamHack SC2 Masters 2020 Winter

VOD

Have the link to the VOD?

Description

Time

  • Played on: Oct. 22, 2020, 12:35 p.m.
  • Length: 26:49

All games in this series

Show
View Real Time Build Order
Export as new Build Order

soul Terran - Winner!

Build Orders: Reaper Expand 

Get SALT Encoding   

  12  0:00  SCV  
  13  0:12  SCV  
  14  0:17  Supply Depot  
  14  0:24  SCV  
  15  0:38  SCV  
  15  0:40  Barracks  
  15  0:42  Refinery  
  16  0:50  SCV  
  17  1:02  SCV  
  18  1:14  SCV  
  19  1:26  Reaper  
  19  1:27  Orbital Command  
  20  1:39  Command Center  
  20  1:46  Supply Depot  
  20  1:52  SCV  
  21  1:58  Marine  
  22  2:04  SCV  
  22  2:06  Factory  
  23  2:12  Bunker  
  23  2:17  Refinery  
  23  2:19  SCV  
  23  2:21  Barracks Reactor  
  24  2:31  SCV  
  25  2:43  SCV  
  26  2:52  Starport  
  26  2:53  Orbital Command  
  26  2:55  SCV, Hellion  
  26  2:57  Marine  
  30  3:01  Marine  
  30  3:08  SCV  
  31  3:15  Marine  
  31  3:17  Factory Tech Lab  
  31  3:18  SCV  
  31  3:19  Marine  
  34  3:20  SCV  
  35  3:29  Viking  
  35  3:30  SCV  
  35  3:32  SCV  
  35  3:33  Marine  
  40  3:35  Supply Depot  
  40  3:36  Marine  
  40  3:40  Cyclone  
  44  3:42  SCV  
  46  3:48  SCV  
  46  3:54  Supply Depot  
  46  3:56  Supply Depot, Marine  
  46  3:57  SCV  
  49  4:08  Command Center  
  49  4:09  SCV  
  49  4:11  SCV  
  50  4:18  Viking  
  50  4:21  SCV  
  53  4:25  SCV, Marine  
  53  4:27  Marine  
  53  4:30  Siege Tank  
  59  4:35  SCV, Supply Depot  
  59  4:37  SCV  
  61  4:47  SCV  
  61  4:49  SCV, Barracks x2  
  61  4:51  Starport Tech Lab  
  63  4:55  Refinery  
  63  4:56  Refinery  
  63  4:59  SCV, Supply Depot, Marine  
  65  5:01  SCV  
  66  5:09  Siege Tank  
  66  5:11  SCV  
  66  5:12  Bunker  
  66  5:13  SCV  
  71  5:16  Supply Depot  
  71  5:17  Marine  
  73  5:22  Orbital Command  
  73  5:23  SCV  
  73  5:25  SCV  
  73  5:26  Marine  
  75  5:35  SCV  
  74  5:38  Engineering Bay  
  74  5:41  Engineering Bay, Barracks Tech Lab, Siege Tank  
  77  5:43  SCV  
  77  5:45  Starport Reactor  
  77  5:47  SCV  
  77  5:48  Bunker, Orbital Command  
  79  5:51  Stimpack, Marauder  
  79  5:53  Marine  
  79  5:55  SCV  
  83  5:57  Marine  
  83  6:01  SCV  
  84  6:07  SCV  
  84  6:08  Marauder  
  84  6:11  Marine  
  87  6:13  SCV x2, Marauder  
  87  6:15  Supply Depot  
  87  6:17  Marine  
  92  6:19  SCV, Supply Depot  
  92  6:22  Combat Shield  
  92  6:25  SCV  
  94  6:26  SCV  
  94  6:29  Marauder  
  94  6:31  SCV  
  98  6:33  Terran Infantry Armor Level 1  
  98  6:34  Marauder  
  98  6:36  Terran Infantry Weapons Level 1, Barracks x2  
  98  6:37  SCV  
  98  6:38  Supply Depot  
  101  6:40  SCV  
  101  6:42  Marine  
  101  6:43  SCV  
  101  6:45  Supply Depot  
  101  6:46  Medivac  
  105  6:49  SCV, Medivac  
  105  6:52  SCV  
  106  6:56  SCV  
  106  6:57  Refinery x2  
  106  7:00  Supply Depot  
  107  7:02  Siege Tank  
  107  7:03  SCV  
  107  7:05  Marauder  
  107  7:07  SCV  
  111  7:08  SCV  
  111  7:12  Missile Turret  
  111  7:15  SCV, Supply Depot  
  111  7:16  Medivac  
  111  7:17  Armory  
  111  7:19  Medivac  
  111  7:22  SCV  
  118  7:25  Barracks Reactor  
  118  7:27  SCV  
  118  7:30  Barracks Tech Lab  
  118  7:33  Command Center  
  118  7:34  SCV  
  118  7:35  SCV  
  119  7:37  Supply Depot  
  119  7:38  Marauder, Marine  
  119  7:41  Concussive Shells, Marauder  
  124  7:46  Medivac  
  124  7:49  Medivac, Marine x2  
  124  7:50  SCV  
  129  7:52  SCV  
  129  7:53  SCV  
  129  7:56  Marine  
  129  7:58  Missile Turret  
  127  8:00  Marauder  
  127  8:02  SCV, Marine  
  127  8:04  SCV  
  127  8:05  SCV  
  129  8:07  Marine x2  
  129  8:08  Marauder  
  133  8:13  Marine  
  133  8:14  SCV, Supply Depot  
  133  8:16  Medivac  
  133  8:17  SCV  
  133  8:19  Ghost Academy  
  138  8:20  Terran Vehicle Weapons Level 1, Marauder  
  138  8:21  Marauder  
  138  8:22  Marine  
  138  8:24  SCV  
  138  8:25  Marine  
  145  8:27  SCV  
  145  8:29  Marauder  
  145  8:30  Medivac  
  145  8:31  Marine  
  145  8:32  Marine  
  152  8:38  Terran Infantry Weapons Level 2  
  152  8:40  Supply Depot  
  152  8:41  Supply Depot, Marine  
  152  8:42  Marauder x2  
  152  8:44  Siege Tank  
  152  8:48  SCV x2  
  162  8:50  SCV  
  162  8:51  Marauder  
  165  9:02  Ghost, Marine x2  
  167  9:03  Ghost, Refinery x2, Marine  
  167  9:06  Marine  
  167  9:09  Viking x2  
  176  9:11  SCV  
  176  9:12  SCV  
  176  9:14  SCV  
  179  9:21  Marine  
  179  9:23  Planetary Fortress  
  180  9:24  Missile Turret  
  180  9:25  SCV  
  180  9:29  Marine x3  
  184  9:36  Missile Turret, Sensor Tower  
  184  9:37  SCV  
  185  9:39  Ghost x2  
  189  9:52  Ghost  
  181  9:57  Marine  
  181  9:58  SCV, Marine  
  181  9:59  Marine  
  181  10:06  Command Center, Fusion Core  
  176  10:08  Ghost x2  
  176  10:10  Marine  
  172  10:15  Marine  
  172  10:16  Marine  
  172  10:17  Marine  
  172  10:20  Ghost, Terran Infantry Armor Level 2  
  175  10:23  Barracks  
  175  10:25  Barracks  
  175  10:26  Barracks  
  175  10:28  Marine  
  173  10:33  Marine, Liberator x2  
  181  10:37  Marauder x2  
  181  10:38  Marine  
  176  10:44  Marine, Siege Tank  
  176  10:46  Command Center, Marine  
  175  10:57  Starport  
  175  11:02  Sensor Tower  
  173  11:05  Advanced Ballistics  
  173  11:06  Marauder, Marine  
  173  11:07  Marauder  
  173  11:08  Marine  
  173  11:09  Marauder  
  181  11:12  Marine  
  181  11:16  Viking x2  
  186  11:28  Marauder  
  186  11:29  Marauder, Marine  
  186  11:30  Marauder  
  184  11:34  Orbital Command  
  184  11:36  Marine, Siege Tank  
  184  11:37  SCV x2  
  179  11:40  Liberator  
  179  11:46  Viking, Liberator  
  187  11:49  SCV x2, Marauder  
  189  12:01  SCV x2  
  189  12:04  Orbital Command  
  189  12:05  SCV  
  189  12:08  Siege Tank  
  195  12:09  Refinery  
  195  12:13  SCV x2  
  197  12:15  Liberator  
  200  12:25  SCV  
  200  12:26  SCV  
  197  12:33  Planetary Fortress  
  197  12:36  Terran Ship Weapons Level 1, Ghost, Command Center  
  184  12:51  Liberator  
  184  12:52  Marauder, Marine  
  184  12:57  Starport Reactor  
  190  12:58  Medivac  
  190  13:01  Starport  
  192  13:19  Missile Turret  
  192  13:20  Missile Turret  
  192  13:24  Missile Turret  
  192  13:26  Missile Turret, Refinery  
  192  13:27  Refinery  
  192  13:28  Medivac, Sensor Tower  
  192  13:29  Missile Turret  
  192  13:30  Missile Turret  
  192  13:33  Medivac  
  196  13:34  Medivac  
  198  13:42  Enhanced Shockwaves  
  198  13:44  Ghost Academy  
  198  13:46  Terran Infantry Weapons Level 3, Terran Infantry Armor Level 3  
  198  13:49  Orbital Command  
  198  13:53  Command Center  
  198  13:54  Command Center  
  184  13:58  Starport Reactor  
  184  14:00  Medivac  
  184  14:02  Command Center  
  179  14:15  Nuke  
  179  14:16  Rapid Reignition System  
  188  14:43  Viking x6  
  191  14:48  Terran Ship Weapons Level 2  
  187  14:56  Marauder x2, Marine  
  187  14:57  Marauder  
  187  14:58  Barracks Tech Lab x3  
  192  15:01  Nuke  
  192  15:04  Personal Cloaking  
  192  15:10  Orbital Command  
  192  15:11  Missile Turret  
  192  15:13  Viking, Command Center  
  194  15:19  Viking x4  
  200  15:24  Armory  
  197  15:30  Starport  
  197  15:34  Viking  
  196  15:36  Starport  
  196  15:43  Viking  
  196  15:49  Viking  
  198  16:07  Weapon Refit  
  198  16:27  Marauder, Starport Tech Lab x2  
  198  16:30  Starport, Nuke  
  198  16:31  Liberator  
  198  16:38  Orbital Command  
  198  16:42  Marauder  
  200  16:51  Marine  
  199  16:55  Marine  
  197  17:06  Missile Turret  
  197  17:07  Missile Turret  
  197  17:11  Viking  
  199  17:18  Missile Turret  
  199  17:26  Nuke  
  199  17:27  Terran Ship Weapons Level 3  
  199  17:29  Terran Vehicle And Ship Armor Level 1  
  197  17:34  Planetary Fortress  
  189  17:44  Nuke  
  189  17:47  Refinery  
  189  17:48  Refinery  
  189  17:49  Battlecruiser, Missile Turret  
  189  17:50  Starport Tech Lab  
  195  18:00  Missile Turret  
  195  18:07  Ghost x2  
  196  18:15  Battlecruiser  
  200  18:25  Command Center  
  200  18:27  Command Center  
  196  18:37  Ghost x3  
  191  18:47  Battlecruiser  
  195  18:59  Battlecruiser  
  192  19:11  Ghost  
  192  19:16  Starport  
  188  19:18  Command Center x2  
  188  19:19  Battlecruiser  
  192  19:27  Nuke x2  
  190  19:38  Missile Turret x2  
  190  19:39  Missile Turret  
  190  19:40  Missile Turret  
  188  19:49  Planetary Fortress  
  188  19:51  Battlecruiser  
  193  19:54  Missile Turret, Sensor Tower  
  190  20:01  Terran Vehicle And Ship Armor Level 2  
  190  20:04  Battlecruiser  
  196  20:08  Viking x2  
  196  20:09  Viking  
  194  20:23  Battlecruiser  
  194  20:36  Viking x2  
  192  20:43  Viking  
  192  20:44  Viking  
  192  20:49  Viking  
  196  20:56  Nuke  
  192  21:08  Battlecruiser  
  192  21:09  Orbital Command  
  198  21:12  Orbital Command  
  198  21:17  Unknown  
  196  21:19  Unknown  
  196  21:43  Ghost x2  
  178  21:55  Ghost x2  
  178  21:56  Ghost  
  178  21:57  Battlecruiser x2  
  188  22:12  Battlecruiser  
  186  22:16  Orbital Command  
  178  22:26  Marine x6  
  178  22:28  Marauder  
  186  22:30  Marine  
  187  22:40  Marine  
  187  22:41  Marine  
  187  22:44  Marine x3  
  178  22:45  Marine  
  176  22:54  Marine x4  
  177  22:58  Marine x2  
  177  23:01  Battlecruiser x2, Marine x2  
  177  23:02  Marine  
  191  23:07  Orbital Command  
  191  23:08  Viking x5  
  194  23:22  Battlecruiser  
  197  23:27  Ghost  
  199  23:36  Nuke x2  
  199  23:40  Viking x3  
  194  23:53  SCV x7  
  185  24:18  Orbital Command  
  159  24:26  Battlecruiser x2, Viking  
  159  24:29  Viking  
  171  24:34  Viking  
  171  24:37  Viking  
  164  24:50  Battlecruiser  
  164  24:52  Marauder, Marine x2  
  166  25:02  Unknown  
  166  25:05  Marine  
  164  25:18  Unknown, Marine  
  164  25:19  Marine  
  166  25:30  SCV x6, Battlecruiser x2  
  177  25:40  Orbital Command  
  177  25:42  SCV  
  177  25:46  Unknown  
  166  26:15  Marine x6  
Show
View Real Time Build Order
Export as new Build Order

Rail Protoss 

Build Orders: 1 Gate Expand, Phoenix Opening, Colossus Rush 

Get SALT Encoding   

  12  0:00  Probe  
  13  0:12  Probe  
  14  0:18  Pylon  
  14  0:24  Probe (Chrono Boost)  
  15  0:37  Probe (Chrono Boost), Gateway  
  16  0:45  Probe (Chrono Boost)  
  16  0:47  Assimilator  
  17  0:51  Probe  
  18  1:03  Probe  
  19  1:15  Probe  
  20  1:25  Cybernetics Core  
  20  1:35  Nexus  
  20  1:40  Assimilator  
  20  1:43  Probe  
  21  1:50  Pylon  
  21  1:58  Adept (Chrono Boost)  
  23  2:08  Probe  
  24  2:14  Stargate  
  24  2:20  Probe  
  24  2:22  Adept  
  27  2:32  Probe  
  27  2:34  Warp Gate  
  28  2:44  Probe  
  28  2:47  Probe  
  30  2:58  Adept, Phoenix (Chrono Boost)  
  33  2:59  Probe x2 (Chrono Boost)  
  36  3:10  Probe (Chrono Boost)  
  36  3:11  Robotics Facility  
  38  3:12  Probe (Chrono Boost)  
  38  3:15  Probe (Chrono Boost)  
  39  3:20  Probe  
  39  3:24  Gateway  
  39  3:25  Probe  
  41  3:31  Phoenix  
  43  3:35  Pylon  
  43  3:37  Probe  
  43  3:39  Probe  
  45  3:46  Assimilator  
  45  3:49  Probe  
  45  3:53  Probe  
  47  3:59  Observer (Chrono Boost)  
  47  4:01  Probe  
  49  4:05  Probe  
  49  4:06  Pylon  
  52  4:10  Pylon  
  52  4:11  Immortal (Chrono Boost)  
  52  4:16  Pylon  
  54  4:22  Assimilator  
  54  4:24  Probe x2  
  54  4:27  Sentry  
  54  4:29  Zealot  
  60  4:33  Phoenix  
  60  4:34  Pylon  
  60  4:36  Probe x2  
  64  4:48  Probe  
  64  4:49  Robotics Bay  
  64  4:51  Zealot  
  64  4:52  Zealot  
  69  5:05  Nexus  
  69  5:06  Observer  
  70  5:11  Phoenix  
  70  5:12  Probe  
  74  5:14  Probe  
  74  5:20  Pylon  
  74  5:24  Probe  
  74  5:25  Zealot  
  75  5:33  Probe  
  75  5:35  Colossus (Chrono Boost)  
  76  5:37  Probe  
  83  5:42  Phoenix (Chrono Boost)  
  83  5:45  Probe  
  83  5:49  Probe  
  87  5:50  Zealot  
  87  5:53  Zealot  
  91  5:57  Probe  
  91  6:01  Probe  
  93  6:09  Probe  
  93  6:11  Twilight Council  
  94  6:12  Forge  
  94  6:16  Phoenix  
  94  6:17  Forge  
  96  6:21  Pylon  
  96  6:22  Probe (Chrono Boost)  
  96  6:23  Probe (Chrono Boost)  
  96  6:24  Probe (Chrono Boost)  
  99  6:32  Probe (Chrono Boost)  
  101  6:33  Probe (Chrono Boost)  
  101  6:35  Probe (Chrono Boost)  
  101  6:38  Probe x2 (Chrono Boost)  
  104  6:41  Pylon, Phoenix  
  104  6:43  Probe  
  107  6:48  Probe x2, Protoss Ground Armor Level 1 (Chrono Boost), Protoss Ground Weapons Level 1 (Chrono Boost)  
  99  6:56  Charge  
  99  6:57  Probe  
  100  7:04  Probe  
  100  7:06  Probe  
  100  7:08  Nexus  
  100  7:10  Probe  
  100  7:14  Pylon  
  101  7:16  Probe  
  101  7:17  Assimilator  
  101  7:18  Probe, Assimilator  
  101  7:20  Gateway  
  101  7:21  Gateway  
  101  7:22  Probe  
  104  7:23  Robotics Facility  
  104  7:31  Probe, Pylon  
  104  7:34  Pylon  
  104  7:36  Templar Archives  
  105  7:39  Probe x2, Gateway  
  105  7:41  Gateway  
  105  7:42  Sentry  
  105  7:43  Probe, Zealot  
  112  7:54  Psionic Storm  
  118  8:02  Phoenix  
  118  8:03  Colossus (Chrono Boost)  
  118  8:06  Pylon  
  118  8:08  Stalker x2  
  118  8:10  Probe x2  
  118  8:12  Pylon  
  124  8:17  Gateway  
  124  8:19  High Templar  
  126  8:20  Gateway  
  126  8:22  High Templar  
  126  8:23  Probe  
  126  8:24  Probe  
  130  8:27  Photon Cannon  
  130  8:28  Probe  
  130  8:31  Shield Battery, Photon Cannon  
  130  8:33  Colossus (Chrono Boost)  
  131  8:40  Shield Battery  
  137  8:46  Stalker x2  
  137  8:47  Stalker  
  143  8:50  Assimilator  
  143  8:54  Pylon  
  143  8:55  Probe  
  144  9:07  Assimilator, Colossus  
  144  9:08  Pylon  
  149  9:13  Stalker, Zealot x2  
  149  9:14  Zealot  
  149  9:15  Stalker  
  159  9:19  Gateway  
  159  9:22  Colossus  
  165  9:32  Probe  
  165  9:38  Stalker x4  
  174  9:39  Stalker  
  174  9:42  Pylon  
  166  9:54  Stalker, Zealot x2  
  166  9:55  Probe x2  
  168  10:00  Warp Prism  
  168  10:03  Probe  
  171  10:07  Pylon  
  171  10:11  Forge  
  171  10:12  Forge  
  171  10:17  Nexus  
  171  10:20  Probe, Colossus  
  178  10:22  Probe x2  
  178  10:23  Pylon  
  178  10:25  Pylon  
  178  10:26  Pylon  
  173  10:29  Stalker  
  173  10:30  Zealot  
  172  10:37  Probe x2  
  174  10:48  Probe x2  
  174  10:49  Stalker x3  
  180  10:50  Protoss Ground Armor Level 2 (Chrono Boost)  
  180  10:51  Immortal  
  180  10:52  Probe  
  180  10:55  Pylon  
  185  11:01  High Templar x2  
  185  11:03  Probe x2  
  187  11:04  Probe  
  187  11:08  Nexus  
  187  11:09  Probe  
  187  11:10  Protoss Ground Weapons Level 2 (Chrono Boost), High Templar  
  187  11:11  Stalker  
  193  11:13  Pylon  
  193  11:23  Pylon  
  189  11:29  Disruptor  
  186  11:38  Immortal  
  186  11:39  Pylon  
  180  11:44  High Templar  
  180  11:46  Photon Cannon  
  182  11:48  Stalker x3, Photon Cannon  
  182  11:50  Shield Battery  
  182  11:53  Photon Cannon  
  188  11:54  Probe, Photon Cannon  
  188  11:57  Photon Cannon  
  185  12:03  Probe x2  
  185  12:05  Probe  
  185  12:08  Probe  
  185  12:11  Fleet Beacon  
  185  12:14  Disruptor  
  188  12:15  Protoss Air Weapons Level 1 (Chrono Boost)  
  188  12:18  Stalker  
  186  12:25  Probe  
  187  12:38  Photon Cannon  
  187  12:39  Probe x2  
  189  12:49  Stargate x2  
  189  12:50  Stargate  
  189  12:56  Tempest  
  194  12:59  Observer  
  194  13:06  Assimilator  
  194  13:08  Assimilator  
  194  13:10  Observer x2  
  194  13:11  Photon Cannon  
  194  13:12  Photon Cannon  
  196  13:13  Photon Cannon  
  196  13:14  Photon Cannon x2  
  196  13:15  Photon Cannon  
  196  13:23  Protoss Ground Armor Level 3 (Chrono Boost)  
  196  13:30  Stalker x2  
  196  13:31  Protoss Ground Weapons Level 3 (Chrono Boost)  
  188  13:44  Tempest x2  
  195  13:49  Probe x2  
  191  13:57  Tempest  
  191  13:58  Tempest  
  197  14:09  Probe, Photon Cannon  
  198  14:16  Protoss Air Weapons Level 2 (Chrono Boost)  
  198  14:20  Blink (Chrono Boost)  
  198  14:26  Unknown  
  198  14:38  Stalker  
  196  15:14  Nexus  
  196  15:17  Pylon  
  196  15:20  Nexus  
  196  15:22  Tempest  
  199  15:45  Observer  
  200  15:50  Pylon  
  200  16:00  Tempest  
  200  16:02  Protoss Shields Level 1  
  200  16:06  Gateway  
  200  16:08  Gateway  
  200  16:17  Probe x2  
  190  16:19  Tempest  
  190  16:20  Tempest  
  190  16:25  Tempest  
  197  16:26  Stalker  
  199  16:34  Photon Cannon  
  199  16:36  Photon Cannon  
  199  16:37  Probe, Photon Cannon  
  199  16:39  Photon Cannon  
  200  16:41  Assimilator  
  200  16:42  Shield Battery, Assimilator  
  187  16:54  Tempest  
  187  16:58  High Templar  
  193  17:02  Tempest  
  176  17:16  Tempest x2  
  176  17:18  Probe x3  
  187  17:23  Disruptor  
  187  17:26  Stalker x3  
  187  17:27  Probe x2  
  186  17:37  Tempest  
  186  17:39  Probe  
  186  17:40  Probe x2  
  186  17:41  Probe  
  186  17:42  Probe  
  196  17:50  Zealot  
  196  17:51  Probe  
  196  17:52  Probe x2  
  196  17:56  Photon Cannon  
  197  18:03  Probe  
  195  18:06  Probe  
  195  18:07  Tempest  
  198  18:13  Probe  
  199  18:26  Observer  
  200  18:47  Pylon  
  198  18:50  Observer  
  189  19:04  Tempest  
  189  19:05  Tempest  
  189  19:06  Probe x2  
  189  19:07  Probe x2  
  189  19:08  Probe, Gravitic Boosters (Chrono Boost)  
  194  19:15  Tempest  
  194  19:16  High Templar  
  191  19:17  Stalker, High Templar  
  191  19:18  Stalker  
  191  19:19  Probe, Pylon  
  191  19:21  Observer  
  190  19:26  Tempest  
  190  19:28  Probe x2  
  197  19:32  Probe x2  
  197  19:33  Probe  
  200  19:41  Pylon  
  200  19:43  Protoss Shields Level 2 (Chrono Boost), Pylon  
  200  19:54  Archon  
  200  19:58  Extended Thermal Lance  
  200  20:00  Protoss Air Weapons Level 3 (Chrono Boost)  
  200  20:01  Tempest  
  198  20:12  Tempest  
  200  20:16  Tempest  
  197  20:22  Tempest  
  197  20:30  High Templar  
  197  20:33  Photon Cannon  
  197  20:34  Photon Cannon  
  196  20:40  Stalker x6  
  196  20:41  Stalker x2  
  196  20:42  Stalker  
  189  20:49  Tempest  
  194  20:51  Probe x2  
  194  20:53  Probe x2  
  190  21:03  Probe, Tempest  
  196  21:05  High Templar  
  196  21:07  Probe x2  
  184  21:16  Probe  
  181  21:23  Pylon  
  181  21:24  Probe (Chrono Boost)  
  181  21:25  Tempest  
  181  21:26  Probe x2 (Chrono Boost)  
  181  21:27  Probe (Chrono Boost), Disruptor  
  181  21:28  Tempest  
  190  21:35  Probe (Chrono Boost)  
  190  21:36  Probe (Chrono Boost)  
  194  21:40  Probe x3 (Chrono Boost)  
  194  21:43  Probe (Chrono Boost)  
  194  21:46  Tempest  
  190  21:56  Tempest  
  170  22:08  Tempest  
  170  22:13  Archon  
  170  22:14  Stalker x2  
  160  22:23  Probe x2  
  160  22:24  Probe  
  160  22:26  Probe  
  160  22:28  Probe  
  165  22:30  Tempest  
  170  22:40  Probe  
  170  22:42  Tempest  
  176  22:45  Probe x2  
  178  22:56  Probe  
  179  23:00  Tempest  
  179  23:02  Probe  
  169  23:06  High Templar  
  169  23:07  Zealot  
  169  23:08  Probe x2  
  169  23:09  Probe x2  
  169  23:11  Pylon  
  177  23:15  Probe  
  178  23:20  Probe  
  178  23:21  Probe, Tempest  
  178  23:26  Probe x2  
  187  23:33  Probe  
  187  23:35  Tempest  
  187  23:40  Tempest  
  196  23:42  Zealot x2  
  200  23:52  Probe  
  200  23:53  Pylon  
  199  24:05  Observer  
  199  24:10  Probe  
  168  24:28  Tempest x2  
  145  24:34  Stalker x4  
  147  24:41  Probe  
  147  24:43  Probe  
  146  24:48  Stalker, Zealot x3  
  146  24:52  Stalker, Zealot x2  
  159  24:55  Probe  
  159  24:58  Tempest  
  165  25:02  Photon Cannon  
  165  25:06  Stalker x2  
  169  25:07  Probe  
  170  25:19  Probe  
  158  25:27  Probe  
  157  25:31  Probe  
  157  25:34  Observer  
  159  25:40  Probe x2  
  142  25:43  Probe  
  127  26:05  Probe x2  
  127  26:06  Probe x2  
  131  26:17  Probe  
  127  26:30  Probe  
  87  26:34  Probe  
Tags
 
Add a new tag
Caveats
  • Supply blocks, unpowered buildings, or Contaminate may cause inaccurate times.
  • Supply counts are checked every 10 seconds.